 Dungeon Crawl Stone Soup version 0.25.1-4-g9407a263a5 (webtiles) character file.

Game seed: 4912757304059782566

110 Clowwww the Chopper (level 4, -6/34 HPs)
             Began as a Demonspawn Gladiator on Nov 28, 2020.
             Killed from afar by an orc (11 damage)
             ... with a puff of flame
             ... on level 3 of the Dungeon.
             The game lasted 00:04:09 (1856 turns).

Clowwww the Chopper (Demonspawn Gladiator)          Turns: 1856, Time: 00:04:09

Health: -6/34      AC:  7    Str: 15    XL:     4   Next: 61%
Magic:  0/4        EV: 13    Int: 10    God:
Gold:   56         SH:  0    Dex: 14    Spells: 3/3 levels left

rFire    . . .     SeeInvis .   a - +0 war axe
rCold    . . .     Gourm    .   (no shield)
rNeg     . . .     Faith    .   b - +1 leather armour
rPois    .         Spirit   +   (helmet restricted)
rElec    .         Reflect  .   n - +2 cloak
rCorr    +         Harm     .   (no gloves)
MR       .....                  (no boots)
Stlth    +.........             (no amulet)
HPRegen  0.11/turn              l - ring of resist corrosion
MPRegen  0.09/turn              (no ring)

@: no status effects
A: claws 1, horns 1, magic shield
a: no special abilities


You were on level 3 of the Dungeon.
You were not hungry.

You visited 1 branch of the dungeon, and saw 3 of its levels.

You collected 56 gold pieces.

Inventory:

Hand Weapons
 a - a +0 war axe (weapon)
Missiles
 d - 3 throwing nets (quivered)
 g - 11 poisoned darts
Armour
 b - a +1 leather armour (worn)
 c - a +0 helmet
 n - a +2 cloak (worn)
Jewellery
 l - a ring of resist corrosion (left claw)
Scrolls
 h - a scroll of fog {unknown}
 i - a scroll of noise {unknown}
Potions
 e - a potion of haste {unknown}
 j - 3 potions of curing
 k - a potion of cancellation
Comestibles
 f - 3 rations
 m - 6 chunks of flesh


   Skills:
 + Level 2.8 Fighting
 + Level 3.7 Axes
 + Level 1.9 Throwing
 + Level 1.3 Armour
 + Level 3.2 Dodging


You had 3 spell levels left.
You didn't know any spells.
Your spell library was empty.

Dungeon Overview and Level Annotations

Branches:
Dungeon (3/15)

Altars:
Cheibriados
Gozag
Ru
Trog
Xom


Innate Abilities, Weirdness & Mutations

You have sharp fingernails.
You have a pair of small horns on your head.
When hurt, damage is shared between your health and your magic reserves.


Message History

The orc barely misses you. x2
You hit the orc but do no damage. You headbutt the orc.
You kill the orc!
You hit the orc but do no damage. You barely miss the orc.
You slash the hobgoblin!
You kill the hobgoblin!
The orc closely misses you.
The orc zaps a wand.
The puff of flame hits you.
The kobold throws a stone.
The stone hits you. The dart slug launches a dart at you.
The slug dart misses you. The orc misses you.
You barely miss the orc.
The orc is lightly wounded.
You hit the orc.
The orc zaps a wand.
The puff of flame hits you.
* * * LOW HITPOINT WARNING * * *
The dart slug launches a dart at you. The slug dart hits you.
* * * LOW HITPOINT WARNING * * *
The orc hits you but does no damage.
The orc zaps a wand.
The puff of flame hits you!
You die...

###.####..#.##.##.###.#.#.... .#
.#.## ..[..............#.#.##.#
...####.#.#.##.##.###.###.#.#<.#
........#.#.##. #.#
#÷..÷...#..#. ...######.# ##.
#.# #.......#.... .#.#
.#.##.##.###..........# ###.
...^................... #.
w###.#.###.......##### ..
#o@..##......... .
#.Ko.###.........
.w......#.....####
#..<.....#.....#
..........#.....# ##.........#
....# #.........# .......####


You could see a dart slug, 2 orcs and a kobold.

Vanquished Creatures
  Terence (D:3)
  4 adders (D:2)
  An ooze (D:1)
  A dart slug (D:1)
  2 orcs (D:3)
  A ball python (D:1)
  4 bats
  3 giant cockroaches
  6 goblins
  6 hobgoblins
  5 kobolds
  A quokka (D:3)
  3 frilled lizards
  2 rats
40 creatures vanquished.

Notes
Turn   | Place    | Note
-------+----------+-------------------------------------------
     0 | D:1      | Clowwww the Demonspawn Gladiator began the quest for the
                  | Orb.
     0 | D:1      | Reached XP level 1. HP: 16/16 MP: 1/1
    91 | D:1      | Gained mutation: When hurt, damage is shared between your
                  | health and your magic reserves. [demonic ancestry]
    91 | D:1      | Reached XP level 2. HP: 22/22 MP: 2/2
   780 | D:2      | Gained mutation: You have sharp fingernails. [demonic
                  | ancestry]
   780 | D:2      | Reached XP level 3. HP: 22/28 MP: 3/3
  1102 | D:2      | Reached skill level 1 in Armour
  1403 | D:2      | Found a sacrificial altar of Ru.
  1405 | D:2      | Found an opulent altar of Gozag.
  1405 | D:2      | Found a snail-covered altar of Cheibriados.
  1407 | D:2      | Found a shimmering altar of Xom.
  1407 | D:2      | Found a bloodstained altar of Trog.
  1498 | D:2      | You fall into a shaft and drop 1 floor!
  1510 | D:3      | Noticed Terence
  1511 | D:3      | Gained mutation: You have a pair of small horns on your
                  | head. [demonic ancestry]
  1511 | D:3      | Reached XP level 4. HP: 34/34 MP: 4/4
  1519 | D:3      | Killed Terence
  1856 | D:3      | Killed from afar by an orc

Illustrated notes

Levels and vault maps discovered:
D:1:      evilmike_arrival_crescent, layout_basic
D:2:      layout_loops_corners, grunt_temple_overflow_open, first_ration
D:3:      layout_basic, hex_intersection, minmay_misc_feat_more_columns,
          uniq_grinder, uniq_terence

Skill      XL: |  1  2  3 |
---------------+----------+-----
Axes           | 3 |  3.7
Dodging        | 3 |  3.2
Armour         | 1 |  1.3
Fighting       | |  2.8
Throwing       | |  1.9

Action                   |  1- 3 |  4- 6 || total
-------------------------+-------+-------++-------
Melee: War axe           |    76 |    33 ||   109
       Headbutt          |       |     9 ||     9
  Use: Scroll            |     6 |       ||     6
 Stab: Sleeping          |       |     1 ||     1
  Eat: Chunk             |     2 |     1 ||     3
Armor: Leather armour    |    25 |    18 ||    43
Dodge: Dodged            |    69 |    29 ||    98
